 Dungeon Crawl Stone Soup version 0.20.1-1-g8b1a95d (webtiles) character file.

10280 vineage the Cruncher (level 11, -1/91 HPs)
             Began as a Demonspawn Gladiator on Aug 11, 2017.
             Slain by a white ugly thing (48 damage)
             ... on level 9 of the Dungeon.
             The game lasted 00:23:00 (8259 turns).

vineage the Cruncher (Demonspawn Gladiator)         Turns: 8259, Time: 00:23:02

Health: -1/91      AC: 11    Str: 17    XL:     11   Next: 34%
Magic:  0/9        EV: 14    Int: 11    God:
Gold:   354        SH:  0    Dex: 22    Spells: 10/10 levels left

rFire    + + .     SeeInvis .   J - +8 quarterstaff of Jotroar {venom, *Noise Dex+6}
rCold    x . .     Gourm    .   (shield currently unavailable)
rNeg     . . .     Faith    .   o - +0 scale mail of Befyal {rF+ MR+}
rPois    .         Spirit   +   N - +1 hat
rElec    .         Reflect  .   (no cloak)
rCorr    +         Harm     .   p - +0 pair of gloves
MR       +....                  L - +0 pair of boots
Stlth    +++.......             u - amulet of guardian spirit
Regen    0.3/turn               h - ring of resist corrosion
MPRegen  0.2/turn               q - ring of fire

@: no status effects
A: talons 1, clever 1, foul stench 1, low mp 1, nightstalker 1, sense
surroundings 1, robust 1, evolution 1, rot immunity, subdued magic 1
a: no special abilities


You were on level 9 of the Dungeon.
You were not hungry.

You visited 1 branch of the dungeon, and saw 9 of its levels.

You collected 442 gold pieces.
You spent 88 gold pieces at shops.

Inventory:

Hand Weapons
 a - a +0 quarterstaff
 g - a +2 antimagic spear
 k - a +1 antimagic scythe
 F - a +2 trident of flaming
 I - a +4 battleaxe
 J - the +8 quarterstaff of Jotroar (weapon) {venom, *Noise Dex+6}
   (You found it on level 6 of the Dungeon)

   It poisons the flesh of those it strikes.
   It affects your dexterity (+6).
   It may make noises in combat.
Missiles
 d - 3 throwing nets (quivered)
Armour
 b - a +0 leather armour
 c - a +0 helmet
 j - a +1 ring mail of cold resistance
 o - the +0 scale mail of Befyal (worn) {rF+ MR+}
   (You found it on level 6 of the Dungeon)

   It protects you from fire.
   It affects your resistance to hostile enchantments.
 p - a +0 pair of gloves (worn)
 D - a +0 shield
 L - a +0 pair of boots (worn)
 N - a +1 hat (worn)
Jewellery
 h - a ring of resist corrosion (left hand)
 q - a ring of fire (right hand)
 u - an amulet of guardian spirit (around neck)
 y - an uncursed ring of stealth {unknown}
 B - an uncursed ring of protection from fire
Wands
 e - a wand of lightning (13/15)
 s - a wand of paralysis (9/24)
 w - a wand of confusion (29/48)
 x - a wand of confusion (8/48)
 A - a wand of lightning (8/15)
 E - a wand of scattershot (7/9)
Scrolls
 r - a scroll of identify
 t - 2 scrolls of remove curse
 C - 3 scrolls of teleportation
Potions
 l - a potion of ambrosia
 n - a potion of flight
 v - a potion of degeneration {unknown}
 z - a potion of agility {unknown}
 G - a potion of brilliance {unknown}
 K - a potion of resistance {unknown}
 M - a potion of invisibility {unknown}
Books
 i - a book of Minor Magic

   Spells                             Type                      Level
   a - Magic Dart                     Conjuration                  1
   b - Blink                          Translocation                2
   c - Call Imp                       Summoning                    2
   d - Slow                           Hexes                        2
   e - Conjure Flame                  Conjuration/Fire             3
   f - Mephitic Cloud                 Conjuration/Poison/Air       3
Comestibles
 f - 3 bread rations
 m - 3 royal jellies


   Skills:
 + Level 6.8 Fighting
 + Level 5.1(6.6) Axes
 + Level 6.6(9.2) Polearms
 + Level 8.4(9.4) Staves
 + Level 2.0 Throwing
 + Level 6.3 Armour
 + Level 6.1 Dodging
 + Level 4.7 Stealth
 + Level 2.4 Shields


You had 10 spell levels left.
You didn't know any spells.

Dungeon Overview and Level Annotations

Branches:
Dungeon (9/15)             Temple (0/1) D:7            Lair (0/6) D:8
    Orc: D:9-12

Altars:
Cheibriados
Fedhas
Hepliaklqana
Nemelex Xobeh
The Shining One

Shops:
D:4 !   D:7 }


Innate Abilities, Weirdness & Mutations

You have sharp toenails.
You may emit foul miasma when damaged in melee.
You are slightly more attuned to the shadows.
You are immune to rotting.
Your mind is acute. (Int +2)
Your magical capacity is low. (-10% MP)
You passively map a small area around you.
You are robust. (+10% HP)
You evolve.
Your spells are a little easier to cast, but a little less powerful.


Message History

You hit the white ugly thing.
The white ugly thing is poisoned.
The white ugly thing is lightly wounded.
The white ugly thing barely misses you.
You thump the white ugly thing!
Your quarterstaff of Jotroar coughs loudly.
The white ugly thing is lightly wounded.
You thump the white ugly thing!
The white ugly thing is moderately wounded.
The white ugly thing claws you. The white ugly thing freezes you!!
You feel a terrible chill!
You closely miss the white ugly thing.
The white ugly thing is moderately wounded.
The white ugly thing claws you but does no damage.
You sock the white ugly thing!
The white ugly thing looks as sick as possible!
The white ugly thing is heavily wounded.
The white ugly thing claws you! The white ugly thing freezes you!!!
You feel a terrible chill!
Ouch! That really hurt!
You die...

** * #.....## #.###
,* ##...## #.# ,
##'## #.# ,
##.#######..
.#####........### *
,,........†.###.#
.#.#.#....###.# *
............#.####.#
##.#.u@...#........#
*
#.#.#..#...#.######
....#.##.###.# *
#........###.#
#####........#
##########


You could see a white ugly thing.

Vanquished Creatures
  Gastronok (D:8)
  A two-headed ogre (D:9)
  Pikel (D:8)
  The ghost of graki42 the Magician, a novice DEFE of Vehumet (D:6)
  Maurice (D:8)
  A troll (D:9)
  Prince Ribbit (D:6)
  2 hippogriffs
  Sigmund (D:3)
  2 basilisks (D:8)
  Eustachio (D:4)
  7 yaks
  A hungry ghost (D:7)
  Grum (D:8)
  Edmund (D:6)
  Menkaure (D:5)
  2 black bears
  3 orc warriors
  2 sky beasts
  2 slaves (D:8)
  A hornet zombie (D:8)
  2 ice beasts
  5 ogres
  A phantom (D:6)
  4 wolves (D:8)
  3 centaurs
  Blork the orc (D:4)
  4 bullfrogs
  A gnoll sergeant (D:5)
  A killer bee (D:9)
  5 scorpions
  5 wights (D:6)
  A crimson imp (D:5)
  A centaur zombie (D:6)
  4 hounds
  2 orc priests
  A jelly (D:9)
  13 orc wizards
  A centaur skeleton (D:4)
  Jessica (D:3)
  Ijyb (D:3)
  An iguana (D:6)
  5 worker ants
  A hound zombie (D:6)
  A hound skeleton (D:6)
  A worker ant zombie (D:6)
  6 gnolls (D:5)
  A howler monkey skeleton (D:8)
  13 adders
  3 shadow imps
  4 oozes
  An adder zombie (D:8)
  3 worms
  3 dart slugs
  4 leopard geckos
  30 orcs
  7 giant cockroaches
  5 goblins
  11 hobgoblins
  16 jackals
  7 quokkas
  A ball python (D:2)
  2 bats
  4 frilled lizards (D:2)
  A jackal zombie (D:6)
  9 kobolds
  A leopard gecko skeleton (D:6)
  A quokka skeleton (D:6)
  6 rats
  A butterfly (D:7)
240 creatures vanquished.

Vanquished Creatures (others)
  2 slaves (D:8)
2 creatures vanquished.

Grand Total: 242 creatures vanquished

Notes
Turn   | Place    | Note
-------+----------+-------------------------------------------
     0 | D:1      | vineage the Demonspawn Gladiator began the quest for the Orb.
     0 | D:1      | Reached XP level 1. HP: 16/16 MP: 1/1
   179 | D:1      | Gained mutation: You are immune to rotting. [demonic ancestry]
   179 | D:1      | Reached XP level 2. HP: 22/22 MP: 0/2
   530 | D:2      | Reached skill level 1 in Polearms
   544 | D:2      | Reached XP level 3. HP: 23/28 MP: 1/3
   810 | D:2      | Found a glowing golden altar of the Shining One.
  1300 | D:2      | Found a blossoming altar of Fedhas.
  1306 | D:2      | Gained mutation: You are slightly more attuned to the shadows. [demonic ancestry]
  1306 | D:2      | Reached XP level 4. HP: 34/34 MP: 1/4
  1345 | D:2      | Reached skill level 1 in Armour
  1366 | D:3      | Noticed Ijyb
  1377 | D:3      | Noticed Sigmund
  1398 | D:3      | Killed Ijyb
  1427 | D:3      | Killed Sigmund
  1427 | D:3      | Reached XP level 5. HP: 13/39 MP: 1/5
  1621 | D:3      | Found a hazy altar of Hepliaklqana.
  1623 | D:3      | Noticed Jessica
  1635 | D:3      | Killed Jessica
  1635 | D:3      | Reached XP level 6. HP: 27/46 MP: 2/6
  1811 | D:3      | Found a snail-covered altar of Cheibriados.
  1951 | D:4      | Noticed Blork the orc
  2589 | D:4      | Found Wuosioch's Distillery.
  2598 | D:4      | Found a sparkling altar of Nemelex Xobeh.
  2602 | D:4      | Bought a potion of mutation for 88 gold pieces
  2602 | D:4      | Gained mutation: You evolve. [potion of mutation]
  2602 | D:4      | Gained mutation: You are robust. (+10% HP) [potion of mutation]
  2676 | D:4      | Noticed Eustachio
  2729 | D:4      | Killed Eustachio
  2729 | D:4      | Reached skill level 1 in Stealth
  2729 | D:4      | Reached skill level 1 in Shields
  2729 | D:4      | Gained mutation: You have sharp toenails. [demonic ancestry]
  2729 | D:4      | Reached XP level 7. HP: 33/57 MP: 2/7
  3140 | D:4      | Killed Blork the orc
  3153 | D:5      | Entered Level 5 of the Dungeon
  3625 | D:5      | Noticed Menkaure
  3627 | D:5      | Killed Menkaure
  3650 | D:5      | Reached skill level 5 in Polearms
  3676 | D:5      | Reached XP level 8. HP: 54/64 MP: 8/8
  4008 | D:5      | Gained mutation: You are agile. (Dex +2) [evolution]
  4008 | D:5      | Lost mutation: You evolve. [end of evolution]
  4119 | D:6      | Noticed Prince Ribbit
  4137 | D:6      | Killed Prince Ribbit
  4205 | D:6      | Reached skill level 5 in Dodging
  4283 | D:6      | Noticed Edmund
  4299 | D:6      | Killed Edmund
  4299 | D:6      | Reached XP level 9. HP: 47/72 MP: 7/9
  4694 | D:6      | Noticed graki42's ghost (novice DEFE)
  4700 | D:6      | Killed graki42's ghost
  4838 | D:6      | Got a twisted scale mail
  4844 | D:6      | Got a polished quarterstaff
  4852 | D:6      | Identified the +8 quarterstaff of Jotroar {venom, *Noise Dex+6} (You found it on level 6 of the Dungeon)
  4863 | D:6      | Identified the +0 scale mail of Befyal {rF+ MR+} (You found it on level 6 of the Dungeon)
  5098 | D:7      | Found Lebatovo's Gadget Emporium.
  5126 | D:7      | Reached skill level 5 in Axes
  5126 | D:7      | Reached skill level 3 in Staves
  5296 | D:7      | Found a staircase to the Ecumenical Temple.
  5485 | D:8      | Noticed Maurice
  5490 | D:8      | Killed Maurice
  5490 | D:8      | Reached skill level 5 in Fighting
  5490 | D:8      | Reached skill level 4 in Staves
  5490 | D:8      | Gained mutation: You may emit foul miasma when damaged in melee. [demonic ancestry]
  5490 | D:8      | Reached XP level 10. HP: 76/81 MP: 10/10
  5494 | D:8      | Lost mutation: You are robust. (+10% HP) [potion of mutation]
  5494 | D:8      | Lost mutation: You are agile. (Dex +2) [potion of mutation]
  5494 | D:8      | Gained mutation: Your magical capacity is low. (-10% MP) [potion of mutation]
  5494 | D:8      | Gained mutation: You passively map a small area around you. [potion of mutation]
  5494 | D:8      | Gained mutation: You are robust. (+10% HP) [potion of mutation]
  5494 | D:8      | Gained mutation: You evolve. [potion of mutation]
  5518 | D:8      | Noticed Pikel
  5566 | D:8      | Killed Pikel
  5566 | D:8      | Reached skill level 5 in Armour
  5971 | D:8      | Reached skill level 5 in Staves
  6321 | D:8      | Noticed Gastronok
  6322 | D:8      | Noticed Grum
  6481 | D:8      | Killed Grum
  6561 | D:8      | Gained mutation: Your spells are a little easier to cast, but a little less powerful. [evolution]
  6777 | D:8      | Found a staircase to the Lair.
  6789 | D:8      | Reached skill level 6 in Staves
  7181 | D:8      | Killed Gastronok
  7181 | D:8      | Reached skill level 7 in Staves
  7181 | D:8      | Reached XP level 11. HP: 53/91 MP: 5/9
  7434 | D:9      | Noticed a two-headed ogre
  7452 | D:9      | HP: 2/91 [two-headed ogre/giant club (17)]
  7708 | D:9      | Gained mutation: Your mind is acute. (Int +2) [evolution]
  7934 | D:9      | Killed a two-headed ogre
  7934 | D:9      | Reached skill level 8 in Staves
  8243 | D:9      | Noticed a white ugly thing
  8259 | D:9      | Slain by a white ugly thing

Skill      XL: |  1  2  3  4  5  6  7  8  9 10 11 |
---------------+----------------------------------+-----
Throwing       | 2 |  2.0
Dodging        | 3 4 5 6 |  6.1
Polearms       | 1 3 4 5 6 |  6.6
Armour         | 1 2 3 4 5 6 |  6.3
Fighting       | 3 4 5 6 |  6.8
Stealth        | 1 3 4 |  4.7
Shields        | 1 2 |  2.4
Axes           | 5 |  5.1
Staves         | 4 7 8 |  8.4

Action                   |  1- 3 |  4- 6 |  7- 9 | 10-12 || total
-------------------------+-------+-------+-------+-------++-------
Melee: Spear             |   151 |   252 |    75 |       ||   478
       Kick              |       |       |    73 |       ||    73
       Trident           |       |       |   136 |       ||   136
       Battleaxe         |       |       |    72 |       ||    72
       Quarterstaff      |       |       |    58 |   223 ||   281
  Use: Scroll            |     4 |     2 |     7 |     7 ||    20
       Potion            |       |     8 |     2 |     6 ||    16
 Stab: Sleeping          |       |     3 |    16 |     2 ||    21
       Distracted        |       |       |     2 |       ||     2
  Eat: Fruit             |       |     3 |       |       ||     3
       Chunk             |       |     1 |     3 |     2 ||     6
       Royal jelly       |       |     1 |       |       ||     1
       Meat ration       |       |       |     2 |     2 ||     4
Armor: Ring mail         |    58 |    82 |    74 |       ||   214
       Leather armour    |     1 |       |       |       ||     1
       Skin              |       |     7 |       |       ||     7
       Scale mail        |       |       |    14 |    90 ||   104
Dodge: Dodged            |    81 |   113 |   165 |   183 ||   542
Block: Shield            |       |    49 |    53 |       ||   102
